 Dungeon Crawl Stone Soup version 0.31-a0-507-gbafd7f5274 (webtiles) character file.

Game seed: 8654586828535434031

148064 Midn8 the Markself (level 16, -3/101 HPs)
             Began as a Deep Elf Hexslinger on Aug 10, 2023.
             Was the Champion of Fedhas.
             Killed from afar by a shock serpent (16 damage)
             ... with a bolt of electricity
             ... on level 4 of the Snake Pit.
             The game lasted 02:15:37 (34775 turns).

Midn8 the Markself (Deep Elf Hexslinger)           Turns: 34775, Time: 02:15:37

Health: -3/101     AC: 15    Str:  6    XL:     16   Next: 93%
Magic:  14/28      EV: 25    Int: 33    God:    Fedhas [******]
Gold:   150        SH:  0    Dex: 20    Spells: 4/29 levels left

rFire   + . .        J - +1 orcbow (freeze)
rCold   + . .        (shield currently unavailable)
rNeg    + . .        t - +2 robe {rC+ rF+}
rPois   .            H - +2 helmet
rElec   .            n - +2 cloak
rCorr   .            s - +1 pair of gloves
SInv    +            K - +2 pair of boots {Fly}
Will    +....        o - amulet of magic regeneration
Stlth   ++           F - ring of see invisible
HPRegen 0.36/turn    Q - ring "Xuar" {rN+ Int+6 Dex+2 Slay+3}
MPRegen 0.61/turn

%: no passive effects
@: on blink cooldown, flying
A: clever 1, wild magic 1
a: Renounce Religion, Wall of Briars, Grow Ballistomycete, Overgrow, Grow Oklob


You were on level 4 of the Snake Pit.
You worshipped Fedhas.
Fedhas was exalted by your worship.
You visited 5 branches of the dungeon, and saw 26 of its levels.
You also visited: Ossuary and Bailey.

You collected 1991 gold pieces.
You spent 1841 gold pieces at shops.

Inventory:

Hand Weapons
 h - the +8 whip "Snakebite" {venom, curare, rPois}
   (You took it off Amaemon on level 11 of the Dungeon)

   rPois:     It protects you from poison
 D - a +0 longbow
 J - a +1 orcbow of freezing (weapon)
Missiles
 m - 3 throwing nets
 S - 11 curare-tipped darts
Armour
 n - a +2 cloak (worn)
 s - a +1 pair of gloves (worn)
 t - a +2 robe of resistance (worn)
 A - +0 steam dragon scales
 H - a +2 helmet (worn)
 K - a +2 pair of boots of flying (worn)
 R - the scarf of Patience {harm, Slay+2}
   (You found it on level 10 of the Dungeon)

   Slay+2:    It affects your accuracy & damage with ranged weapons and melee
   (+2).
Jewellery
 o - an amulet of magic regeneration (around neck)
 F - a ring of see invisible (left hand)
 Q - the ring "Xuar" (right hand) {rN+ Int+6 Dex+2 Slay+3}
   (You bought it in a shop on level 4 of the Dungeon)

   [ring of intelligence]

   Int+6:     It affects your intelligence (+6).
   Dex+2:     It affects your dexterity (+2).
   Slay+3:    It affects your accuracy & damage with ranged weapons and melee
   (+3).
   rN+:       It protects you from negative energy.
 T - a +6 ring of strength
 U - an amulet of the acrobat
Wands
 a - a wand of acid (5)
 w - a wand of paralysis (14)
 B - a wand of flame (28)
 G - a wand of digging (2)
 L - a wand of mindburst (5)
 W - a wand of roots (10)
Scrolls
 b - 7 scrolls of poison
 d - 8 scrolls of amnesia
 e - a scroll of butterflies
 f - 7 scrolls of fog
 j - 3 scrolls of teleportation
 l - 3 scrolls of enchant weapon
 p - a scroll of immolation
 y - a scroll of fear
 z - a scroll of torment
 I - a scroll of silence
 P - a scroll of blinking {unknown}
 X - a scroll of vulnerability {unknown}
 Y - 2 scrolls of revelation
Potions
 c - 2 potions of cancellation
 g - 7 potions of curing
 i - 7 potions of attraction
 k - 4 potions of lignification
 q - a potion of berserk rage
 r - a potion of enlightenment
 u - 6 potions of heal wounds
 v - 4 potions of mutation
 x - a potion of ambrosia
 C - 2 potions of haste
 E - 4 potions of magic
 M - 2 potions of invisibility
 N - 4 potions of might
 V - 3 potions of brilliance
Miscellaneous
 O - a sack of spiders
 Z - a lightning rod (4/4)


   Skills:
 - Level 12.0 Fighting
 + Level 19.6 Ranged Weapons
 - Level 18.0 Dodging
 - Level 7.0 Spellcasting
 - Level 8.0 Hexes
 - Level 8.0 Necromancy
 - Level 3.4 Translocations
 - Level 4.0 Fire Magic
 - Level 8.0 Earth Magic
 - Level 14.0 Invocations


You had 4 spell levels left.
You knew the following spells:

 Your Spells              Type           Power      Damage    Failure   Level
a - Anguish               Hex/Necr       35%        N/A       2%          4
b - Slow                  Hex            100%       N/A       1%          1
c - Borgnjor's Vile Clut  Necr/Erth      35%        N/A       7%          5
d - Tukima's Dance        Hex            70%        N/A       1%          3
e - Cause Fear            Hex            35%        N/A       2%          4
f - Inner Flame           Hex/Fire       61%        N/A       2%          3
r - Portal Projectile     Hex/Tloc       100%       N/A       2%          3
B - Blink                 Tloc           88%        N/A       2%          2

Your spell library contained the following spells:

 Spells                   Type           Power      Damage    Failure   Level
 Necrotise                Necr           100%       1d9       1%          1
 Vampiric Draining        Necr           70%        2d11      1%          3
 Ensorcelled Hibernation  Hex/Ice        98%        N/A       2%          2
 Lesser Beckoning         Tloc           88%        N/A       2%          2
 Animate Dead             Necr           70%        N/A       2%          4
 Momentum Strike          Conj/Tloc      58%        3d9       5%          2
 Summon Small Mammal      Summ           60%        N/A       6%          1
 Wereblood                Tmut           15%        N/A       10%         2
 Vhi's Electric Charge    Tloc/Air       58%        N/A       10%         3
 Mephitic Cloud           Conj/Pois/Air  15%        N/A       17%         3
 Iskenderun's Mystic Bla  Conj/Tloc      29%        2d7       26%         4
 Agony                    Necr           70%        N/A       7%          5
 Alistair's Intoxication  Tmut/Pois      10%        N/A       78%         5
 Arcjolt                  Conj/Air       7%         1d17      78%         5
 Irradiate                Conj/Tmut      7%         3d14      78%         5
 Plasma Beam              Fire/Air       16%        2x1d27    97%         6
 Eringya's Noxious Bog    Tmut/Pois      7%         4d6       100%        6
 Haunt                    Necr/Summ      24%        N/A       100%        7
 Monstrous Menagerie      Summ           7%         N/A       100%        7
 Infestation              Necr           35%        N/A       100%        8
 Dragon's Call            Summ           7%         N/A       100%        9


Dungeon Overview and Level Annotations

Branches:
Dungeon (14/15)            Temple (1/1) D:7            Lair (5/5) D:9
 Shoals (0/4) Lair:2        Snake (4/4) Lair:3        Slime (0/5) Lair:4
    Orc (2/2) D:11            Elf (0/3) Orc:2       Ossuary (visited)
 Bailey (visited)
 Vaults: D:13-14

Altars:
Ashenzari
Cheibriados
Dithmenos
Elyvilon
Fedhas
Gozag
Hepliaklqana
Kikubaaqudgha
Makhleb
Nemelex Xobeh
Okawaru
Qazlal
Ru
Sif Muna
Trog
Uskayaw
Vehumet
Wu Jian
Xom
Yredelemnul
Zin
The Shining One
Jiyva

Shops:
D:4 =   D:9 :   D:11 [   Orc:1 *   Orc:2 :(*[   Snake:1 ::=!   Snake:2 =:*=

Annotations:
D:2 exclusions: rat and 2 more exclusions, Sigmund
D:7 1 runed translucent door
D:9 2 transporters
Lair:1 1 exclusion
Lair:5 2 runed translucent doors
Snake:1 1 runed translucent door, Zapal's ghost, adept DgEE


Innate Abilities, Weirdness & Mutations

Your mind is acute. (Int +4, Str/Dex -1)
Your spells are a little harder to cast, but a little more powerful.


Message History

Aim: a shock serpent (lightly wounded, 100% to hit)
Zombie hands grab the shock serpent.
The zombie hands constrict the shock serpent.
The shock serpent struggles to escape constriction.
The shock serpent escapes!
Casting: Borgnjor's Vile Clutch (dangerous; 7% risk of failure)
Confirm with . or Enter, or press ? or * to list all spells.
Aiming: Borgnjor's Vile Clutch (dangerous; 7% risk of failure)
Press: ? - help, Shift-Dir - straight line, f/p - shock serpent
Aim: a shock serpent (lightly wounded, 100% to hit)
Zombie hands grab the shock serpent.
The zombie hands constrict the shock serpent.
The shock serpent shoots out a bolt of lightning at you!
The bolt of electricity misses you.
Casting: Borgnjor's Vile Clutch (dangerous; 7% risk of failure)
Confirm with . or Enter, or press ? or * to list all spells.
You blink.
The zombie hands constrict the shock serpent.
The shock serpent's electric aura discharges, shocking you!
The shock serpent misses you.
The shock serpent shoots out a bolt of lightning at you!
The bolt of electricity hits you! The bolt of electricity hits you!!
* * * LOW HITPOINT WARNING * * *
The bolt of electricity hits the shock serpent.
The shock serpent completely resists.
Unknown command.
Okay, then.
Okay, then.
Casting: Blink (safe; 2% risk of failure)
Confirm with . or Enter, or press ? or * to list all spells.
Okay, then.
Aiming: Paralyse
Press: ? - help, Shift-Dir - straight line, f/p - shock serpent
Aim: a shock serpent (moderately wounded, constricted by zombie hands, chance to affect: 31%)
The shock serpent easily resists.
The zombie hands constrict the shock serpent!
The shock serpent shoots out a bolt of lightning at you!
The bolt of electricity hits you!
You die...
Fedhas appreciates your contribution to the ecosystem.

#...#######......
#########...)..<.#.......
.......###...........[...
##.
.#####.###.#####.#)......
#.. ....)).....#
#.#.)..... #..
....)..##### #.#.......
#.. .####### #.##......
###..# .#
########S###.......#.....
.######
#.......@..#.............
......#
#.#######..#............<
##.##.# #.# ..# ........
#.##†# #.# ..# ........
##.##)###.#######..#
........
.........).........#
........
##.##.)............#
........
#.##.###.#######..#
........ #.##)# #.#
........


You could see a shock serpent (clutched).

Vanquished Creatures
  Saint Roka (Snake:2)
  Vashnia (Snake:2)
  Aizul (Snake:2)
  2 nagarajas (Snake:4)
  2 orc warlords (Orc:2)
  Erolcha (D:9)
  3 hydras
  A salamander tyrant (Snake:2)
  A boulder beetle (D:13)
  2 centaur warriors
  9 anacondas
  11 death yaks
  5 two-headed ogres
  10 naga warriors
  16 naga sharpshooters
  3 orc high priests (Orc:2)
  Sonja (D:11)
  5 shock serpents
  2 skysharks (Lair:3)
  Amaemon (D:11)
  A fire crab (Lair:5)
  9 naga ritualists
  3 orc knights (Orc:2)
  Pikel (D:4)
  11 mana vipers
  4 ugly things
  3 deep elf pyromancers
  7 orc sorcerers
  3 manticores
  8 salamanders
  4 cyclopes
  4 elephants (Lair:5)
  32 black mambas
  2 dancing weapons
  2 guardian serpents
  18 naga magi
  A gargoyle (Bailey)
  2 molten gargoyles (Lair:5)
  A kobold demonologist (D:11)
  8 cane toads
  14 komodo dragons
  An orange demon (D:11)
  4 unseen horrors
  3 rime drakes
  A yaktaur (shapeshifter) (D:13)
  A polar bear (Lair:3)
  5 trolls
  3 meliai (D:13)
  Grinder (D:4)
  A snapping turtle (Lair:2)
  A hornet (D:10)
  46 blink frogs
  17 dream sheep
  7 slime creatures (D:14)
  2 vampires
  2 shadows
  4 wraiths
  14 yaks
  Eustachio (D:6)
  5 basilisks
  5 wyverns
  Menkaure (D:6)
  4 steam dragons
  10 vampire mosquitoes
  5 wargs
  45 nagas
  11 water moccasins
  3 acid dragons
  4 hell hounds (Lair:5)
  33 orc warriors
  2 ice beasts
  7 ogres
  12 wolves
  8 centaurs
  2 phantoms
  3 lemures
  An elf zombie (Ossuary)
  7 kobold brigands
  15 bullfrogs
  2 scorpions
  16 wights
  10 killer bees
  2 electric eels (Snake:1)
  3 vampire bats (Bailey)
  5 wolf zombies (Bailey)
  8 howler monkeys
  8 lava snakes
  4 gnoll boudas
  25 orc priests
  6 hounds
  3 jellies
  4 iguanas
  26 orc wizards
  7 hell rats (Lair:3)
  3 mummies (Ossuary)
  Robin (D:3)
  21 gnolls
  8 adders
  2 shadow imps
  4 white imps
  4 ufetubi
  3 adder zombies (Ossuary)
  4 dart slugs
  93 orcs
  9 bats
  13 endoplasms
  3 giant cockroaches
  A gnoll zombie (Ossuary)
  16 goblins
  9 hobgoblins
  A jackal (D:5)
  4 quokkas
  9 ball pythons
  3 frilled lizards
  2 goblin zombies (Ossuary)
  4 hobgoblin zombies (Ossuary)
  25 kobolds
  2 kobold zombies (Ossuary)
  14 orc zombies (Bailey)
  4 quokka zombies (Ossuary)
  6 rats
  A rat zombie (Ossuary)
  2 butterflies (Lair:4)
913 creatures vanquished.

Vanquished Creatures (collateral kills)
  Harold (D:11)
  An anaconda (Snake:3)
  3 naga warriors
  A shock serpent (Snake:3)
  A naga ritualist (Snake:3)
  A mana viper (Snake:1)
  A naga mage (Snake:3)
  6 black mambas
  A guardian serpent (Snake:4)
  A gargoyle (D:12)
  7 nagas
  An orc warrior (Orc:2)
  4 vampire bats (Bailey)
  5 orcs (Orc:2)
  4 orc zombies (Bailey)
  23 ballistomycete spores
61 creatures vanquished.

Vanquished Creatures (others)
  4 dancing weapons
  A ballistomycete spore (Snake:2)
5 creatures vanquished.

Grand Total: 979 creatures vanquished

Notes
Turn   | Place    | Note
-------+----------+-------------------------------------------
     0 | D:1      | Midn8 the Deep Elf Hexslinger began the quest for the Orb.
     0 | D:1      | Reached XP level 1. HP: 11/11 MP: 5/5
    70 | D:1      | Reached skill level 3 in Ranged Weapons
   112 | D:1      | Reached XP level 2. HP: 16/16 MP: 6/6
   174 | D:1      | Reached skill level 4 in Ranged Weapons
   660 | D:1      | Reached XP level 3. HP: 20/20 MP: 7/7
   935 | D:2      | Reached skill level 5 in Ranged Weapons
  1270 | D:2      | Noticed Sigmund
  1340 | D:3      | Reached XP level 4. HP: 24/24 MP: 8/8
  1345 | D:3      | Reached skill level 6 in Ranged Weapons
  1346 | D:3      | Reached skill level 1 in Fighting
  1517 | D:3      | Reached XP level 5. HP: 23/30 MP: 9/9
  2042 | D:4      | Reached skill level 1 in Fire Magic
  2051 | D:4      | Learned a level 3 spell: Inner Flame
  2061 | D:4      | Noticed a phantom
  2079 | D:4      | Killed a phantom
  2080 | D:4      | Reached skill level 5 in Hexes
  2080 | D:4      | Reached XP level 6. HP: 35/35 MP: 12/12
  2259 | D:4      | Noticed Grinder
  2271 | D:4      | Paralysed by Grinder for 4 turns
  2275 | D:4      | Killed Grinder
  2276 | D:4      | Reached XP level 7. HP: 28/40 MP: 9/13
  2450 | D:4      | Found Buekom's Jewellery Shoppe.
  2455 | D:4      | Noticed Robin
  2525 | D:3      | Killed Robin
  2670 | D:4      | Learned a level 4 spell: Cause Fear
  3156 | D:5      | Entered Level 5 of the Dungeon
  3180 | D:5      | Noticed Pikel
  3420 | D:4      | HP: 1/40 [iguana (11)]
  3654 | D:4      | Killed Pikel
  3655 | D:4      | Reached skill level 7 in Ranged Weapons
  3655 | D:4      | Reached XP level 8. HP: 48/48 MP: 10/14
  3726 | D:5      | Reached skill level 8 in Ranged Weapons
  4725 | D:5      | Reached skill level 5 in Fighting
  4924 | D:5      | Found a white marble altar of Elyvilon.
  5670 | D:6      | Reached XP level 9. HP: 55/55 MP: 14/17
  5828 | D:6      | Reached skill level 9 in Ranged Weapons
  6061 | D:6      | Learned a level 3 spell: Tukima's Dance
  6157 | D:6      | Identified the +2 robe "Idurchac" {Fly}
  6180 | D:6      | Reached skill level 10 in Ranged Weapons
  6460 | D:6      | Found a shadowy altar of Dithmenos.
  6568 | D:6      | Found a shimmering altar of Xom.
  6568 | D:6      | Found a sparkling altar of Nemelex Xobeh.
  6616 | D:6      | Found a shimmering blue altar of Sif Muna.
  6616 | D:6      | Found a hazy altar of Hepliaklqana.
  6616 | D:6      | Found an ornate altar of the Wu Jian Council.
  6653 | D:6      | Noticed Menkaure
  6658 | D:6      | Killed Menkaure
  6753 | D:6      | Noticed Eustachio
  6769 | D:6      | Killed Eustachio
  6770 | D:6      | Reached skill level 5 in Dodging
  7055 | D:6      | Reached skill level 11 in Ranged Weapons
  7306 | D:7      | Found a sand-covered staircase.
  7312 | Ossuary  | Entered an ossuary
  7352 | Ossuary  | Reached skill level 12 in Ranged Weapons
  8053 | D:7      | Reached XP level 10. HP: 58/61 MP: 9/18
  8219 | D:7      | Found a faded altar of an unknown god.
  8221 | D:7      | Found a staircase to the Ecumenical Temple.
  8236 | Temple   | Entered the Ecumenical Temple
  8249 | Temple   | Became a worshipper of Fedhas Madash
  8454 | D:7      | Found a shadowy altar of Dithmenos.
  8733 | D:7      | Found a runed translucent door.
  8735 | D:7      | Noticed a sixfirhy
  8929 | D:8      | Reached * piety under Fedhas
  9177 | D:8      | Reached skill level 1 in Invocations
  9303 | D:8      | Identified the +12 falchion "Killer Bee's Death" {flame,
                  | Str+5}
 10027 | D:9      | Found a transporter.
 10027 | D:9      | Found a transporter.
 10046 | D:9      | Noticed a two-headed ogre
 10054 | D:9      | Killed a two-headed ogre
 10055 | D:9      | Reached skill level 5 in Invocations
 10181 | D:9      | Found a hide-covered altar of Uskayaw.
 10182 | D:9      | Found a basalt altar of Yredelemnul.
 10185 | D:9      | Found a glowing silver altar of Zin.
 10192 | D:9      | Found a burning altar of Makhleb.
 10205 | D:9      | Reached ** piety under Fedhas
 10351 | D:9      | Found Builoq's Book Shop.
 10442 | D:9      | Found an ancient bone altar of Kikubaaqudgha.
 10446 | D:9      | Noticed Erolcha
 10592 | D:9      | Killed Erolcha
 10593 | D:9      | Reached skill level 13 in Ranged Weapons
 10637 | D:9      | Found a staircase to the Lair.
 10658 | D:9      | Got the Omnibus of Foul Leadership
 11231 | D:10     | Entered Level 10 of the Dungeon
 11247 | D:10     | Noticed a centaur warrior
 11257 | D:10     | Killed a centaur warrior
 11258 | D:10     | Reached skill level 14 in Ranged Weapons
 11258 | D:10     | Reached XP level 11. HP: 34/68 MP: 7/19
 11377 | D:10     | Found a flagged portal.
 11419 | Bailey   | Entered a bailey
 11614 | Bailey   | Reached *** piety under Fedhas
 11992 | Bailey   | Identified the +1 robe "Ewizodyw" {rC+ Int+3}
 11993 | Bailey   | Identified the +1 chain mail of Wrong Decisions {Drain +Inv
                  | rN++}
 11994 | Bailey   | Identified the +0 scale mail of Inevitability {rF+}
 12456 | D:4      | Bought the ring "Xuar" {rN+ Int+6 Dex+2 Slay+3} for 640
                  | gold pieces
 12674 | D:10     | Noticed a two-headed ogre
 12682 | D:10     | Killed a two-headed ogre
 12797 | D:10     | Identified the scarf of Patience {harm, Slay+2}
 13317 | Lair:1   | Entered Level 1 of the Lair of Beasts
 13348 | Lair:1   | Reached skill level 15 in Ranged Weapons
 13352 | Lair:1   | Learned a level 3 spell: Portal Projectile
 13870 | Lair:1   | Reached skill level 16 in Ranged Weapons
 13991 | Lair:1   | You are sucked into a shaft and drop 1 floor!
 14092 | Lair:1   | Reached **** piety under Fedhas
 14096 | Lair:1   | Reached skill level 10 in Dodging
 14200 | Lair:1   | Reached XP level 12. HP: 73/73 MP: 18/20
 14974 | Lair:2   | Found a staircase to the Shoals.
 15373 | Lair:2   | Learned a level 4 spell: Anguish
 15502 | Lair:3   | Reached skill level 1 in Necromancy
 15625 | Lair:3   | Reached skill level 5 in Necromancy
 15825 | Lair:3   | Reached skill level 5 in Spellcasting
 15838 | Lair:3   | Reached ***** piety under Fedhas
 16011 | Lair:3   | Found a staircase to the Snake Pit.
 16109 | Lair:3   | Noticed a death yak
 16113 | Lair:3   | Noticed a death yak
 16116 | Lair:3   | Noticed a death yak
 16137 | Lair:3   | Killed a death yak
 16142 | Lair:3   | Killed a death yak
 16147 | Lair:3   | Killed a death yak
 16371 | Lair:3   | Reached XP level 13. HP: 79/79 MP: 22/22
 17334 | Lair:4   | Found a viscous altar of Jiyva.
 17334 | Lair:4   | Found a staircase to the Slime Pits.
 17470 | Lair:5   | Entered Level 5 of the Lair of Beasts
 17479 | Lair:5   | Reached skill level 10 in Fighting
 17501 | Lair:5   | Reached skill level 1 in Translocations
 18741 | Lair:5   | Reached skill level 10 in Invocations
 19032 | Lair:5   | Reached XP level 14. HP: 79/88 MP: 18/23
 19146 | Lair:5   | Reached skill level 15 in Dodging
 19211 | Lair:5   | Found a large runed translucent door.
 19211 | Lair:5   | Found a large runed translucent door.
 19679 | D:11     | Reached ****** piety under Fedhas
 19752 | D:11     | Found Hyupi's Armour Boutique.
 20111 | D:11     | Noticed Amaemon
 20125 | D:11     | Killed Amaemon
 20371 | D:11     | Noticed Sonja
 20376 | D:11     | Killed Sonja
 20381 | D:11     | Noticed Harold
 20393 | D:11     | Killed Harold
 20400 | D:11     | Learned a level 2 spell: Blink
 20518 | D:11     | Found a staircase to the Orcish Mines.
 21561 | Orc:1    | Entered Level 1 of the Orcish Mines
 21578 | Orc:1    | Found Txzikhlea's Tempting Trifles.
 22019 | Orc:2    | Entered Level 2 of the Orcish Mines
 22019 | Orc:2    | Found a staircase to the Elven Halls.
 22230 | Orc:2    | Noticed an orc warlord
 22240 | Orc:2    | Killed an orc warlord
 23500 | Orc:2    | Noticed an orc warlord
 23998 | Orc:2    | Killed an orc warlord
 24115 | Orc:2    | Found Nafiniv's Antique Armour Boutique.
 24116 | Orc:2    | Found Reozxosm's Antique Weapon Boutique.
 24118 | Orc:2    | Found Onled's General Store.
 24118 | Orc:2    | Found Vawe's Book Shop.
 24133 | Orc:2    | Bought a pair of gloves for 157 gold pieces
 24259 | Orc:2    | Bought Great Wizards, Vol. II for 684 gold pieces
 24428 | D:13     | Reached skill level 1 in Earth Magic
 24523 | D:13     | Reached XP level 15. HP: 92/92 MP: 26/26
 24723 | D:13     | Learned a level 5 spell: Borgnjor's Vile Clutch
 25372 | D:14     | HP: 2/92 [cyclops/large rock (52)]
 26142 | Snake:1  | Entered Level 1 of the Snake Pit
 26142 | Snake:1  | Found an opulent altar of Gozag.
 26205 | Snake:1  | Reached skill level 5 in Earth Magic
 26512 | Snake:1  | Found Tozapol's Distillery.
 26541 | Snake:1  | Bought a potion of heal wounds for 90 gold pieces
 26541 | Snake:1  | Bought a potion of enlightenment for 90 gold pieces
 26541 | Snake:1  | Bought 2 potions of heal wounds for 180 gold pieces
 26919 | Snake:1  | Found a runed translucent door.
 26919 | Snake:1  | Found a shimmering altar of Xom.
 26919 | Snake:1  | Noticed Zapal's ghost (adept DgEE)
 26919 | Snake:1  | Found the +2 hat of the Bear Spirit {Spirit, Bear, *Rage
                  | Will++}
 27405 | Snake:1  | Found Ononij's Jewellery Boutique.
 27405 | Snake:1  | Found Yhupyikk's Book Emporium.
 27406 | Snake:1  | Found Gipp's Book Emporium.
 28059 | Snake:2  | Noticed Aizul
 28123 | Snake:2  | Killed Aizul
 28276 | Snake:2  | Noticed Vashnia
 28812 | Snake:2  | HP: 1/96 [naga sharpshooter/bolt[Vashnia] (16)]
 29145 | Snake:2  | Killed Vashnia
 29146 | Snake:2  | Reached XP level 16. HP: 60/101 MP: 3/28
 29743 | Snake:2  | Noticed Saint Roka
 29792 | Snake:2  | Paralysed by an orc sorcerer for 4 turns
 29999 | Snake:2  | Killed Saint Roka
 30238 | Snake:2  | Found Petomopt's Jewellery Shoppe.
 30266 | Snake:2  | Found Nups's General Store.
 30266 | Snake:2  | Found Atiqet's Book Emporium.
 30314 | Snake:2  | Found Nediupn's Jewellery Emporium.
 30949 | Snake:2  | Gained mutation: Your spells are a little harder to cast,
                  | but a little more powerful. [potion of mutation]
 30949 | Snake:2  | Gained mutation: You passively dampen the noise of your
                  | surroundings. [potion of mutation]
 30949 | Snake:2  | Lost mutation: You passively dampen the noise of your
                  | surroundings. [potion of mutation]
 30949 | Snake:2  | Gained mutation: Your mind is acute. (Int +4, Str/Dex -1)
                  | [potion of mutation]
 31742 | Snake:3  | Reached skill level 17 in Ranged Weapons
 32948 | Snake:3  | Reached skill level 18 in Ranged Weapons
 33604 | Snake:4  | Entered Level 4 of the Snake Pit
 33979 | Snake:4  | Reached skill level 19 in Ranged Weapons
 34775 | Snake:4  | Killed from afar by a shock serpent

Illustrated notes

Levels and vault maps discovered:
D:1:      ncdulo_smallfort, layout_basic
D:2:      layout_basic, uniq_sigmund
D:3:      layout_loops_ring
D:4:      layout_loops_cross, serial_forest, infiniplex_forest_end_3,
          infiniplex_forest_clump_long, infiniplex_forest_clump_double,
          infiniplex_forest_end_1, infiniplex_forest_end_2,
          infiniplex_forest_lined_1, infiniplex_forest_diagonal,
          infiniplex_forest_end_double, infiniplex_forest_lined_2, serial_shops,
          shop, nicolae_letterblocks [nicolae_letter_subblock,
          nicolae_letter_subblock, nicolae_letter_subblock,
          nicolae_letter_subblock, nicolae_letter_subblock,
          nicolae_letter_subblock, nicolae_letter_subblock,
          nicolae_letter_subblock, nicolae_letter_subblock,
          nicolae_letter_subblock, nicolae_letter_subblock,
          nicolae_letter_subblock, nicolae_letter_subblock,
          nicolae_letter_subblock, nicolae_letter_subblock,
          nicolae_letter_subblock, nicolae_letter_subblock,
          nicolae_letter_subblock, nicolae_letter_subblock,
          nicolae_letter_subblock, nicolae_letter_subblock,
          nicolae_letter_subblock, nicolae_letter_subblock,
          nicolae_letter_subblock, nicolae_letter_subblock], uniq_robin,
          uniq_grinder
D:5:      layout_rooms, serial_corexii_hall, chequers_hall_statues_wall_a,
          corexii_hall_statues_l, minmay_ruined_shrine, uniq_pikel
D:6:      layout_basic, doesnt_xom_only_xom, dreamdust_gnoll_farm,
          uniq_menkaure, uniq_eustachio
D:7:      cheibrodos_shockbox, layout_rooms, grunt_dithmenos_smoke,
          nicolae_temple_entry_ecumenical, nicolae_ossuary_entry_plus
D:8:      layout_gridville, hangedman_abyss_or_decor_clamps
D:9:      layout_loops_ring, nicolae_overflow_macrodata_refinement,
          mainiacjoe_overflow_concentric_impassable, dpeg_oklobed_lair,
          serial_shops, shop, nicolae_diode_stairs, uniq_erolcha
D:10:     layout_gridville, enter_bailey_8,
          nicolae_concentric_dashed_squares_mild
D:11:     layout_basic, minmay_orc_entry_guard_dogs, serial_shops,
          nicolae_shop_trees, uniq_harold, uniq_amaemon, uniq_sonja
D:12:     layout_basic
D:13:     layout_stronghold, serial_glass, glass_columns_b, glass_columns_b,
          glass_columns_a, glass_columns_b, glass_columns_c, glass_columns_a,
          glass_columns_c, glass_columns_a
D:14:     layout_rooms, erik_vaults_2, chequers_serial_rivers_micro_b
Temple:   nicolae_temple_superstar
Lair:1:   layout_big_grid, grunt_megastairs_2
Lair:2:   layout_loops_ring, minmay_shoals_entry_hut
Lair:3:   layout_roguey, nicolae_snake_entry_warm_welcome, serial_bayou_shore_b,
          grunt_megastairs_3
Lair:4:   layout_long_grid, nicolae_slime_entry_slimehenge,
          infiniplex_staircase_pool_2, lemuel_fruit_fields
Lair:5:   cheibrodos_lair_end_hotspot, layout_gridlike
Snake:1:  layout_onion_interference, basic_altar, serial_shops, shop,
          special_room, ebering_ghost_xom, nicolae_snake_flat_spine,
          minmay_shop_grove, serial_bayou_shore_a
Snake:2:  layout_layer_cave, grunt_ministairs_14, minmay_shoptagon,
          uniq_vashnia, uniq_saint_roka, uniq_aizul
Snake:3:  layout_misc_corridors, lemuel_fruit_tree, grunt_megastairs_5
Snake:4:  grunt_snake_rune_pools, layout_gridlike
Orc:1:    layout_caves, basic_altar, nicolae_orc_lava_tube,
          nicolae_alphabet_shops
Orc:2:    st_orc_congregation, layout_caves

Skill      XL: |  1  2  3  4  5  6  7  8  9 10 11 12 13 14 15 16 |
---------------+-------------------------------------------------+-----
Ranged Weapons | 3 4 5 6 7 8 12 14 16 19 | 19.6
Fighting       | 2 4 6 8 10 12 | 12.0
Spellcasting   | 3 4 5 7 |  7.0
Fire Magic     | 2 3 4 |  4.0
Hexes          | 5 7 8 |  8.0
Dodging        | 5 10 14 18 | 18.0
Invocations    | 5 10 12 14 | 14.0
Necromancy     | 6 8 |  8.0
Translocations | 3 |  3.4
Earth Magic    | 1 8 |  8.0

Action                     |  1- 3 |  4- 6 |  7- 9 | 10-12 | 13-15 | 16-18 || total
---------------------------+-------+-------+-------+-------+-------+-------++-------
   Fire: Sling             |   102 |   112 |   256 |       |       |       ||   470
         Shortbow          |       |       |   203 |   228 |       |       ||   431
         Orcbow            |       |       |       |   436 |  1212 |   462 ||  2110
   Cast: Slow              |     1 |     3 |    58 |    15 |       |       ||    77
         Inner Flame       |       |     1 |    81 |   128 |   113 |    21 ||   344
         Cause Fear        |       |       |    14 |    39 |    42 |       ||    95
         Tukima's Dance    |       |       |       |    22 |    19 |    12 ||    53
         Anguish           |       |       |       |     1 |     2 |       ||     3
         Portal Projectile |       |       |       |       |     5 |       ||     5
         Blink             |       |       |       |       |    18 |     8 ||    26
         Borgnjor's Vile C |       |       |       |       |    36 |    68 ||   104
 Invoke: Wall of Briars    |       |       |       |     2 |     6 |       ||     8
         Grow Ballistomyce |       |       |       |       |     5 |     1 ||     6
         Overgrow          |       |       |       |       |     2 |     2 ||     4
  Evoke: Wand              |       |       |       |       |     1 |     1 ||     2
    Use: Scroll            |       |     2 |     8 |     9 |    16 |       ||    35
         Potion            |       |       |       |     2 |     5 |     3 ||    10
 Armour: Robe              |    10 |     4 |    33 |    24 |    45 |    24 ||   140
         Acid dragon scale |       |       |     2 |       |       |       ||     2
  Dodge: Dodged            |    19 |    17 |   162 |   122 |   328 |   120 ||   768

Table legend: (Time is in decaauts)
 A = Elapsed time spent in this place.
 B = Non-inter-level travel time spent in this place.
 C = Inter-level travel time spent in this place.
 D = Time resting spent in this place.
 E = Time spent auto-exploring this place.
 F = Levels seen in this place.
 G = Mean time per level.
                   A        B        C        D        E       F      G
               +--------+--------+--------+--------+--------+-----+--------+
         Total |  34211 |  31372 |   2839 |  11639 |  12658 |  28 | 1221.8 |
       Dungeon |  16440 |  14730 |   1710 |   4042 |   7499 |  14 | 1174.3 |
        Temple |     26 |      2 |     24 |      0 |      0 |   1 |   26.0 |
          Lair |   5814 |   5317 |    497 |   1456 |   2554 |   5 | 1162.8 |
     Snake Pit |   8415 |   8038 |    377 |   4827 |   1772 |   4 | 2103.8 |
  Orcish Mines |   2676 |   2446 |    230 |   1043 |    833 |   2 | 1338.0 |
       Ossuary |    231 |    231 |      0 |     75 |      0 |   1 |  231.0 |
        Bailey |    606 |    606 |      0 |    195 |      0 |   1 |  606.0 |
               +--------+--------+--------+--------+--------+-----+--------+

Top non-repeatable levels by time:
 Snake:1: 2866 daAuts
 Snake:2: 2853 daAuts
     D:5: 2145 daAuts
     D:4: 1936 daAuts
 Snake:3: 1801 daAuts
  Lair:5: 1759 daAuts
     D:6: 1748 daAuts
   Orc:2: 1488 daAuts
     D:9: 1434 daAuts
    D:13: 1253 daAuts
    D:10: 1231 daAuts
   Orc:1: 1187 daAuts
     D:8: 1182 daAuts
  Lair:2: 1181 daAuts
    D:11: 1132 daAuts
